 Dungeon Crawl Stone Soup version 0.31-a0-795-g5eb97db20b (webtiles) character file.

Game seed: 16665495423568725266

865 ytrimaz the Insei (level 8, -1/48 HPs)
             Began as an Octopode Shapeshifter on Sept 18, 2023.
             Slain by an iguana (13 damage)
             ... on level 5 of the Dungeon.
             The game lasted 00:04:41 (3620 turns).

ytrimaz the Insei (Octopode Shapeshifter)           Turns: 3620, Time: 00:04:41

Health: -1/48      AC:  1    Str: 13    XL:     8   Next: 3%
Magic:  6/8        EV: 13    Int: 13    God:
Gold:   248        SH:  0    Dex: 19    Spells: 5/7 levels left

rFire   . .          .
                       - Unarmed
rCold   . . .        (no shield)
rNeg    . . .        (helmet currently unavailable)
rPois   .            (no amulet)
rElec   .            j - ring of wizardry
rCorr   .            r - +6 ring of dexterity
SInv    .            s - ring of wizardry
Will    .....        (no ring)
Stlth   +++          (no ring)
HPRegen 0.28/turn    (no ring)
MPRegen 0.11/turn    (no ring)
                     (no ring)

%: wizardry (x2)
@: beast-form, wereblooded
A: beast (slay +3), almost no armour, amphibious, 8 rings, camouflage 1,
gelatinous body 1, (nimble swimmer 1), tentacles
a: Begin Untransformation


You were on level 5 of the Dungeon.
You were a hulking beast.
You visited 1 branch of the dungeon, and saw 5 of its levels.

You collected 248 gold pieces.


Innate Abilities, Weirdness & Mutations

You are a hulking beast.
Your limbs bulge with bestial killing power. (Slay +3)
You cannot wear most types of armour.
You are amphibious.
You can wear up to eight rings at the same time.
Your skin changes colour to match your surroundings (Stealth+).
Your rubbery body absorbs attacks. (AC +1, EV +1)
((You are camouflaged when in or above water. (Stealth+)))
You have tentacles for arms and can constrict up to eight enemies at once.


   Skills:
 - Level 1.0 Fighting
 - Level 2.0 Dodging
 + Level 6.9 Unarmed Combat
 + Level 6.4 Shapeshifting


You had 5 spell levels left.
You knew the following spells:

 Your Spells              Type           Power      Damage    Failure   Level
a - Wereblood             Tmut           0%         N/A       13%         2

Your spell library contained the following spells:

 Spells                   Type           Power      Damage    Failure   Level
 Magic Dart               Conj           0%         1d3       9%          1
 Slow                     Hex            0%         N/A       9%          1
 Call Imp                 Summ           0%         N/A       13%         2
 Confusing Touch          Hex            0%         N/A       24%         3
 Mephitic Cloud           Conj/Pois/Air  0%         N/A       24%         3
 Sigil of Binding         Hex            0%         N/A       24%         3
 Vampiric Draining        Necr           0%         2d6       24%         3
 Irradiate                Conj/Tmut      0%         3d11      88%         5

Inventory:

Missiles
 u - 2 throwing nets
Jewellery
 j - a ring of wizardry (left tentacle)
   (You found it on level 2 of the Dungeon)
 r - a +6 ring of dexterity (right tentacle)
   (You found it on level 2 of the Dungeon)
 s - a ring of wizardry (on tentacle)
   (You found it on level 3 of the Dungeon)
Talismans
 b - a beast talisman (active)
 c - a flux talisman
Wands
 v - a wand of flame (32)
   (You found it on level 4 of the Dungeon)
Scrolls
 a - a scroll of immolation {unknown}
 d - a scroll of silence {unknown}
 e - 3 scrolls of enchant weapon {unknown}
 h - 2 scrolls of blinking {unknown}
 i - 4 scrolls of identify {unknown}
 k - a scroll of acquirement {unknown}
 l - 3 scrolls of revelation {unknown}
 m - a scroll of noise {unknown}
 o - a scroll of teleportation {unknown}
 p - 2 scrolls of amnesia {unknown}
 q - a scroll of torment {unknown}
Potions
 f - 2 potions of curing
 g - a potion of heal wounds
 t - a potion of resistance {unknown}

Dungeon Overview and Level Annotations

Branches:
Dungeon (5/15) Zot: 26400
 Temple: D:4-7

Altars:

Shops:
D:5 :

Annotations:
D:4 1 runed translucent door, Crazy Yiuf

.........##
.........#..#
#........##.. ##
........##.#.#.#
...#....#......
........###.#.###
##.....##.......##
###....#(#.#.#.#h#
##...#?......lh#
#...#####o#####.
##..#............
##..#...........
##).###........
#..# ####.....
##..# ##### .#..#
o #.#


You could see an iguana, a hound and an orc.


Message History

The ogre shouts! 😕 HP[+1]
The iguana bites you! 😮 HP[-8]
You take 8 damage, and now have 27/43 hp.
Unknown command.
The scorpion stings you.
You are poisoned.
The scorpion poisons you!
You see here 9 gold pieces. 😮 HP[-3]
You take 3 damage, and now have 24/43 hp.
It was a potion of curing.
You feel better. The hound bites you but does no damage.
The scorpion stings you but does no damage. 😮 HP[+5]
You regained 5 hp, and now have 29/43 hp.
You are too injured to fight recklessly!
Casting: Wereblood (safe; 13% risk of failure)
Press: ? - help, Q - select action, (/) - cycle Dir - look around, f - activate Your blood is infused with primal strength.
The hound barely misses you. The scorpion stings you. 😮 MP[-2]
You lost 2 mp, and now have 5/7 mp.
Unknown command.
You bludgeon the scorpion! You grab the scorpion. You squeeze the scorpion!
You constrict the scorpion.
You feel a bit better.
You kill the scorpion!
The hound barely misses you. The hound bites you. 😮 HP[-2]
You take 2 damage, and now have 27/43 hp.
You tentacle-slap the iguana. Your grab misses the iguana. The hound bites you.
The iguana bites you.
* * * LOW HITPOINT WARNING * * *
😨 HP[-8]
You take 8 damage, and now have 19/43 hp.
Unknown command.
You tentacle-slap the iguana. You grab the iguana.
You constrict the iguana, but do no damage.
The hound barely misses you. The iguana bites you!
* * * LOW HITPOINT WARNING * * *
😱 HP[-12]
You take 12 damage, and now have 7/43 hp.
MASSIVE DAMAGE!! (PAUSE)
The orc shouts!
You tentacle-slap the iguana. You squeeze the iguana.
You feel a bit better.
You kill the iguana!
You hear a shout!
The hound closely misses you. The hound bites you.
* * * LOW HITPOINT WARNING * * *
😱 HP[-3]
You take 3 damage, and now have 4/43 hp.
Unknown command.
It was a potion of heal wounds.
You feel much better.
The orc hits you with a +1 dagger of protection.
The hound closely misses you. 😮 HP[+28]
You regained 28 hp, and now have 32/43 hp.
You bludgeon the orc!
You feel a bit better.
You kill the orc!
The hound bites you. 😮 HP[-1]
You take 1 damage, and now have 31/43 hp.
The hound closely misses you.
The orc hits you with a +2 whip of flaming.
The orc burns you. The ogre barely misses you. The hound bites you.
* * * LOW HITPOINT WARNING * * *
Items here: ) [ ††. 😨 HP[-11]
You take 11 damage, and now have 20/43 hp.
MASSIVE DAMAGE!! (PAUSE)
The hound bites you.
* * * LOW HITPOINT WARNING * * *
You see here 9 gold pieces. 😨 HP[-2]
You take 2 damage, and now have 18/43 hp.
Unknown command.
You closely miss the orc. Your grab misses the orc. You squeeze the orc.
You feel a bit better.
You kill the orc!
The hound misses you. The hound bites you.
* * * LOW HITPOINT WARNING * * *
😨 HP[-1]
You take 1 damage, and now have 17/43 hp.
You bludgeon the ogre! You squeeze the ogre! The hound bites you.
* * * LOW HITPOINT WARNING * * *
😨 HP[-5] MP[+1]
You take 5 damage, and now have 12/43 hp.
You tentacle-slap the ogre.
You feel a bit better.
You kill the ogre!
The hound bites you.
* * * LOW HITPOINT WARNING * * *
You have reached level 8!
You now have 48 max hp (+5).
You barely miss the iguana. You grab the iguana. You squeeze the iguana!
You constrict the iguana, but do no damage.
The hound barely misses you.
An orc comes into view. It is wielding a +0 war axe.
The iguana bites you!
You die...

Skill      XL: |  1  2  3  4  5  6  7 |
---------------+----------------------+-----
Unarmed Combat | 4 5 6 |  6.9
Shapeshifting  | 4 5 6 |  6.4
Fighting       | |  1.0
Dodging        | |  2.0

Action                     |  1- 3 |  4- 6 |  7- 9 || total
---------------------------+-------+-------+-------++-------
  Melee: Unarmed           |    79 |    63 |    54 ||   196
         Tentacles         |    14 |    12 |    13 ||    39
         Constrict         |    13 |    15 |     9 ||    37
         Punch             |     1 |     3 |     3 ||     7
   Cast: Wereblood         |       |     3 |     3 ||     6
    Use: Potion            |     1 |     1 |     4 ||     6
   Stab: Sleeping          |     8 |     2 |       ||    10
         Distracted        |     1 |       |       ||     1
 Armour: Skin              |    43 |    79 |    61 ||   183
  Dodge: Dodged            |    44 |    18 |    41 ||   103

Levels and vault maps discovered:
D:1:      dpeg_arrival_yet_another_circle, layout_basic, hangedman_decor_growths
D:2:      layout_basic, minmay_quadrilaterals
D:3:      kennysheep_the_goblin_king, layout_loops_cross
D:4:      layout_cave_pools, uniq_crazy_yiuf_cottage
D:5:      minmay_spotlight, layout_cave_pods, serial_shops,
          nicolae_shop_real_fake_doors

Notes
Turn   | Place    | Note
-------+----------+-------------------------------------------
     0 | D:1      | ytrimaz the Octopode Shapeshifter began the quest for the
                  | Orb.
     0 | D:1      | Reached XP level 1. HP: 13/13 MP: 1/1
     0 | D:1      | magus.rc [v1.9.6]
    85 | D:1      | HP: 4/19 [rat (2)]
    85 | D:1      | HP: 1/19 [ball python (3)]
   259 | D:1      | Reached XP level 2. HP: 15/18 MP: 2/2
   272 | D:1      | You pick up a book of Changes and begin reading...
   272 | D:1      | You add the spells Wereblood and Irradiate to your library.
   352 | D:1      | You pick up a book of Debilitation and begin reading...
   352 | D:1      | You add the spells Slow, Sigil of Binding, Vampiric
                  | Draining and Confusing Touch to your library.
  1210 | D:2      | Reached XP level 3. HP: 23/23 MP: 3/3
  1242 | D:2      | Learned a level 2 spell: Wereblood
  1297 | D:2      | Identified the +1 robe of Milis {rElec rC- Dex+3}
  1789 | D:3      | Reached skill level 4 in Unarmed Combat
  1789 | D:3      | Reached skill level 4 in Shapeshifting
  1789 | D:3      | Reached XP level 4. HP: 18/28 MP: 1/4
  2014 | D:3      | Noticed a black bear
  2038 | D:3      | Killed a black bear
  2039 | D:3      | Reached XP level 5. HP: 30/33 MP: 3/5
  2067 | D:3      | Identified the +1 flail of Quantum Leap {freeze, +Blink
                  | rElec rPois Int-5}
  2492 | D:4      | You pick up a book of Minor Magic and begin reading...
  2492 | D:4      | You add the spells Magic Dart, Call Imp and Mephitic Cloud
                  | to your library.
  2510 | D:4      | Noticed a phantom
  2514 | D:4      | Reached skill level 5 in Unarmed Combat
  2514 | D:4      | Reached XP level 6. HP: 22/38 MP: 3/6
  2521 | D:4      | HP: 14/57 [poisoned by an orc wizard]
  2527 | D:4      | Reached skill level 5 in Shapeshifting
  2691 | D:4      | Reached skill level 6 in Unarmed Combat
  2691 | D:4      | Reached XP level 7. HP: 28/43 MP: 7/7
  3042 | D:4      | Found a runed translucent door.
  3043 | D:4      | Noticed Crazy Yiuf
  3280 | D:5      | Entered Level 5 of the Dungeon
  3305 | D:5      | HP: 9/43 [orc/+0 short sword (3)]
  3309 | D:5      | Reached skill level 6 in Shapeshifting
  3555 | D:5      | Found Sumoh's Book Emporium.
  3611 | D:5      | HP: 7/43 [iguana (12)]
  3619 | D:5      | HP: 10/43 [hound (5)]
  3620 | D:5      | Reached XP level 8. HP: 12/48 MP: 6/8
  3620 | D:5      | Slain by an iguana

Vanquished Creatures
  A black bear (D:3)
  An ogre (D:5)
  3 phantoms (D:4)
  2 scorpions
  A hound (D:3)
  An orc priest (D:4)
  A jelly (D:4)
  A sleepcap (D:4)
  2 iguanas
  3 orc wizards
  3 adders
  2 worms (D:2)
  3 dart slugs
  11 orcs
  4 endoplasms
  2 giant cockroaches
  13 goblins
  4 hobgoblins
  5 kobolds
  7 ball pythons
  6 bats
  3 frilled lizards
  9 rats
88 creatures vanquished.

Table legend:
 A = Non-vault XP
 B = Vault XP
 C = Vault XP percentage of total XP
 D = Non-vault monster count
 E = Vault monster count
 F = Vault count percentage of total count
                 A         B        C        D         E       F
            +---------+---------+-------+---------+---------+-------
      Total |    1013 |     224 |  18.1 |      75 |      13 |  14.8
            +---------+---------+-------+---------+---------+-------
        D:1 |      30 |       0 |   0.0 |      21 |       0 |   0.0
        D:2 |      23 |      11 |  32.4 |      12 |       4 |  25.0
        D:3 |     203 |      13 |   6.0 |      14 |       7 |  33.3
        D:4 |     631 |       0 |   0.0 |      18 |       0 |   0.0
        D:5 |     126 |     200 |  61.3 |      10 |       2 |  16.7
            +---------+---------+-------+---------+---------+-------

Skill      XL: |  1  2  3  4  5  6  7 |
---------------+----------------------+-----
Unarmed Combat | 4 5 6 |  6.9
Shapeshifting  | 4 5 6 |  6.4
Fighting       | |  1.0
Dodging        | |  2.0

Action                     |  1- 3 |  4- 6 |  7- 9 || total
---------------------------+-------+-------+-------++-------
  Melee: Unarmed           |    79 |    63 |    54 ||   196
         Tentacles         |    14 |    12 |    13 ||    39
         Constrict         |    13 |    15 |     9 ||    37
         Punch             |     1 |     3 |     3 ||     7
   Cast: Wereblood         |       |     3 |     3 ||     6
    Use: Potion            |     1 |     1 |     4 ||     6
   Stab: Sleeping          |     8 |     2 |       ||    10
         Distracted        |     1 |       |       ||     1
 Armour: Skin              |    43 |    79 |    61 ||   183
  Dodge: Dodged            |    44 |    18 |    41 ||   103

Illustrated notes

Table legend:
 A = Kills in this place as a percentage of kills in the entire game.
 B = Kills by you in this place as a percentage of kills by you in the entire game.
 C = Kills by friends in this place as a percentage of kills by friends in the entire game.
 D = Other kills in this place as a percentage of other kills in the entire game.
 E = Experience gained in this place as a percentage of experience gained in the entire game.
 F = Experience gained in this place divided by the number of levels of this place that you have seen.
                   A       B       C       D       E      F
               +-------+-------+-------+-------+-------+----------------------
         Total | 100.0 | 100.0 |   N/A |   N/A | 100.0 | 247.4
       Dungeon | 100.0 | 100.0 |   N/A |   N/A | 100.0 | 247.4
               +-------+-------+-------+-------+-------+----------------------

Table legend: (Time is in decaauts)
 A = Elapsed time spent in this place.
 B = Non-inter-level travel time spent in this place.
 C = Inter-level travel time spent in this place.
 D = Time resting spent in this place.
 E = Time spent auto-exploring this place.
 F = Levels seen in this place.
 G = Mean time per level.
                   A        B        C        D        E       F      G
               +--------+--------+--------+--------+--------+-----+--------+
         Total |   3598 |   3509 |     89 |     84 |   2819 |   5 |  719.6 |
       Dungeon |   3598 |   3509 |     89 |     84 |   2819 |   5 |  719.6 |
               +--------+--------+--------+--------+--------+-----+--------+

Top non-repeatable levels by time:
     D:1: 1097 daAuts
     D:4: 920 daAuts
     D:3: 642 daAuts
     D:2: 602 daAuts
     D:5: 335 daAuts
